 Dungeon Sprint DCSS version 0.17-a0-1508-ge7f3dc3 (webtiles) character file.

0 Kidiri the Shield-Bearer (level 4, 0/30 HPs)
             Began as a Gargoyle Fighter on July 10, 2015.
             Was an Initiate of Qazlal.
             Slain by a kobold
             ... wielding a +0 short sword
              (1 damage)
             ... in the Dungeon (Sprint VI: "Thunderdome").
             The game lasted 00:01:33 (81 turns).

Kidiri the Shield-Bearer (Gargoyle Fighter)           Turns: 81, Time: 00:01:33

Health: 0/30       AC: 11    Str: 21    XL:     4   Next: 7%
Magic:  1/5        EV:  7    Int:  8    God:    Qazlal [......]
Gold:   200        SH: 10    Dex:  9    Spells: 0 memorised, 3 levels left

rFire  . . .     SeeInvis .     a - +0 flail
rCold  . . .     Clarity  .     b - +0 scale mail
rNeg   + . .     SustAt   .     c - +0 shield
rPois  ∞         Gourm    .     (no helmet)
rElec  +         Spirit   .     (no cloak)
rCorr  .         Warding  .     (no gloves)
rMut   .         NoTele   +     (no boots)
MR     .....                    (no amulet)
Stlth  ..........               (no ring)
                                (no ring)

@: not resistant to hostile enchantments, extremely unstealthy
A: negative energy resistance 1, electricity resistance, unbreathing,
petrification resistance, rot immunity, AC +3
a: Renounce Religion


You were in the Dungeon.
You worshipped Qazlal.
Qazlal was noncommittal.
You were not hungry.

You visited 1 branch You collected 200 gold pieces.

Inventory:

Hand weapons
 a - a +0 flail (weapon)
Armour
 b - a +0 scale mail (worn)
 c - a +0 shield (worn)
Magical devices
 l - a wand of cold (5)
 m - a wand of fire (5)
Scrolls
 k - 4 scrolls of blinking
 n - 3 scrolls of fog
Potions
 d - a potion of might
 f - a potion of curing
 g - 4 potions of heal wounds
 h - 4 potions of haste
 i - 2 potions of magic
 j - a potion of berserk rage
 o - a potion of resistance
Comestibles
 e - a bread ration


   Skills:
 + Level 4.3 Fighting
 + Level 3.2 Maces & Flails
 * Level 5.2 Armour
 * Level 5.3 Shields
 + Level 2.5 Invocations
 + Level 2.1 Evocations


You had 3 spell levels left.
You didn't know any spells.

Dungeon Overview and Level Annotations

Branches:
Dungeon (1/1)

Altars:
Cheibriados
Dithmenos
Gozag
Makhleb
Okawaru
Qazlal
Ru
Sif Muna
Trog
Vehumet
Xom
Yredelemnul
Zin
Jiyva
Lugonu

Shops:
D ?*?*:[((!!!!


Innate Abilities, Weirdness & Mutations

You are resistant to torment.
Your stone body is resilient (AC +3).
You are immune to poison.
You resist negative energy.
You are resistant to electric shocks.
You can survive without breathing.
You are immune to petrification.
You are immune to rotting.


Message History

The kobold completely misses you. The big kobold closely misses you.
The kobold hits you but does no damage.
You sock the big kobold!
You kill the big kobold!
Qazlal accepts your kill.
Your Fighting skill increases to level 4!
Your Maces & Flails skill increases to level 3!
Your Armour skill gained 2 levels and is now at level 5!
Your Shields skill gained 2 levels and is now at level 5!
Your Invocations skill gained 2 levels and is now at level 2!
Your Evocations skill gained 2 levels and is now at level 2!
You have reached level 2!
You have reached level 3!
Your experience leads to an increase in your attributes!
Increase (S)trength, (I)ntelligence, or (D)exterity?
You feel stronger.
You have reached level 4!
You feel stronger. The kobold hits you with a short sword.
You die...

##### ##⌠⌠⌠## #.....#
##.....## ##∩(....∩##
#∩@......∩#
#_)K....._#
#_........#
#.........#
###.........###
#§...........⌠#
#.8.........8.######
......###......__.∩##
... ..8.
#.8........∩#


You could see a kobold.

Vanquished Creatures
  A big kobold (D)
1 creature vanquished.

Notes
Turn   | Place    | Note
--------------------------------------------------------------
     0 | D        | Kidiri the Gargoyle Fighter began the quest for the Orb.
     0 | D        | Reached XP level 1. HP: 14/14 MP: 1/1
     1 | D        | Found a basalt altar of Yredelemnul.
     1 | D        | Found a shimmering altar of Xom.
     2 | D        | Found a viscous altar of Jiyva.
     2 | D        | Found a burning altar of Makhleb.
     3 | D        | Found a sacrificial altar of Ru.
     3 | D        | Found an opulent altar of Gozag.
     4 | D        | Found a snail-covered altar of Cheibriados.
     4 | D        | Found Isayrytt's Premium Goods.
     4 | D        | Found Keick's Weapon Rack.
     5 | D        | Found Cysmun's Miscellaneous Merchandise.
     5 | D        | Found Baud's Basic Armour.
     5 | D        | Round 1.
    23 | D        | Found a corrupted altar of Lugonu.
    25 | D        | Found a shadowy altar of Dithmenos.
    25 | D        | Found a radiant altar of Vehumet.
    25 | D        | Found Garyoj's Do-It-Yourself Clinic.
    25 | D        | Found Uhuq's Bottled Wisdom.
    26 | D        | Found Jusineakum's Distillery.
    31 | D        | Found Wuic Xegg's Distillery.
    31 | D        | Found a bloodstained altar of Trog.
    31 | D        | Found a glowing silver altar of Zin.
    45 | D        | Found a stormy altar of Qazlal.
    45 | D        | Found Cuel's Staff Store.
    45 | D        | Found Mualleph's Must-Have Magic.
    46 | D        | Found Cappohud's Magic Scroll Shop.
    52 | D        | Became a worshipper of Qazlal Stormbringer
    54 | D        | Found Aquddikh's Magic Scroll Shop.
    54 | D        | Found a deep blue altar of Sif Muna.
    54 | D        | Found an iron altar of Okawaru.
    57 | D        | Noticed a big kobold
    81 | D        | Killed a big kobold
    81 | D        | Reached skill level 4 in Fighting
    81 | D        | Reached skill level 5 in Armour
    81 | D        | Reached skill level 5 in Shields
    81 | D        | Reached XP level 2. HP: 1/20 MP: 1/3
    81 | D        | Reached XP level 3. HP: 1/24 MP: 1/4
    81 | D        | Reached XP level 4. HP: 1/30 MP: 1/5
    81 | D        | Slain by a kobold

Vault maps used:
D:        arena_sprint

Action                   |  1- 3 |  4- 6 || total
-------------------------+-------+-------++-------
Melee: Flail             |    19 |       ||    19
